 Dungeon Crawl Stone Soup version 0.29-a0-557-g43b9904bd1 (webtiles) character file.

Game seed: 14459355245798806764

789 spaghetti the Chucker (level 7, -12/56 HPs)
             Began as a Demonspawn Wanderer on June 8, 2022.
             Mangled by an ogre
             ... wielding a +0 giant spiked club
              (21 damage)
             ... on level 5 of the Dungeon.
             The game lasted 00:09:25 (5918 turns).

spaghetti the Chucker (Demonspawn Wanderer)         Turns: 5918, Time: 00:09:26

Health: -12/56     AC:  7    Str: 13    XL:     7   Next: 56%
Magic:  7/7        EV: 10    Int: 10    God:
Gold:   180        SH:  0    Dex: 17    Spells: 6/6 levels left

rFire   . . .      SeeInvis .   i - +1 short sword (protect) {short}
rCold   . . .      Faith    .   (no shield)
rNeg    . . .      Spirit   .   e - +0 leather armour
rPois   .          Reflect  .   d - +0 helmet
rElec   .          Harm     .   (no cloak)
rCorr   .          Rampage  .   (no gloves)
Will    .....                   (no boots)
Stlth   +++.......              (no amulet)
HPRegen 0.18/turn               (no ring)
MPRegen 0.10/turn               (no ring)

@: no status effects
A: slimy green scales 2, foul stench 1, weakness stinger 1
a: no special abilities


You were on level 5 of the Dungeon.
You visited 1 branch of the dungeon, and saw 5 of its levels.

You collected 180 gold pieces.


Innate Abilities, Weirdness & Mutations

You are mostly covered in slimy green scales. (AC +3)
You may rarely emit foul miasma when damaged in melee.
You have a small tail.


   Skills:
 + Level 5.2 Fighting
 - Level 1.7 Crossbows
 - Level 6.0 Throwing
 + Level 5.1 Stealth
 - Level 1.0 Evocations


You had 6 spell levels left.
You didn't know any spells.
Your spell library contained the following spells:

 Spells                   Type           Power      Damage    Failure   Level
 Slow                     Hex            0%         N/A       43%         1
 Summon Small Mammal      Summ           0%         N/A       43%         1
 Call Canine Familiar     Summ           0%         N/A       82%         3
 Confusing Touch          Hex            0%         N/A       82%         3
 Summon Guardian Golem    Hex/Summ       0%         N/A       82%         3
 Vampiric Draining        Necr           0%         2d6       82%         3

Inventory:

Hand Weapons
 a - a +3 dagger {short}
 c - a +0 hand crossbow {crossbow}
 i - a +1 short sword of protection (weapon) {short}
   (You took it off a kobold on level 3 of the Dungeon)
Missiles
 f - 204 stones (quivered) {throwing}
 g - 5 poisoned darts {throwing}
 j - 6 boomerangs {throwing}
Armour
 d - a +0 helmet (worn)
   (You took it off Robin on level 3 of the Dungeon)
 e - a +0 leather armour (worn)
Jewellery
 m - a ring of resist corrosion
   (You found it on level 4 of the Dungeon)
Scrolls
 h - a scroll of magic mapping {!r}
 l - a scroll of torment {!r}
 n - a scroll of identify {@r1}
Potions
 b - 2 potions of flight
 k - a potion of cancellation
 o - a potion of haste {unknown}

Dungeon Overview and Level Annotations

Branches:
Dungeon (5/15)
 Temple: D:4-7

Altars:

Shops:
D:2

* ..............
#............. .....
#..(....!.....
.....##.............
..##..................
#.##..##.#............
#.##..........O.......
#.##.##.......@.......
#.##.##........<......
#.##.##...............
###.##.#........!<......
.........#..............
##....####..............
...#.## #..##...........
.###..# #..####.........
. ##.##....###..##.....


You could see an ogre (very poisoned).


Message History

There is a stone staircase leading up here.
Things that are here:
a +0 mace {mace}; a +0 robe An endoplasm comes into view.
The helpless endoplasm fails to defend itself.
You puncture the endoplasm!
Your weapon exudes an aura of protection.
You kill the endoplasm!
No target in view!
No target in view!
No target in view!
No target in view!
No target in view!
No target in view!
No target in view!
No target in view!
No target in view!
n - a scroll of identify {@r1} Key pressed, stopping explore.
Done exploring.
You don't have any unidentified items.
(D) Dungeon
Where to? (Enter - D:4, ? - help)
There is a stone staircase leading down here.
You climb downwards.
There is a stone staircase leading up here.
Unknown command.
An iguana comes into view.
An iguana is nearby!
An iguana is nearby!
The helpless iguana fails to defend itself.
You puncture the iguana!
Your weapon exudes an aura of protection.
Your tail-slap misses the iguana.
The iguana completely misses you.
You closely miss the iguana.
The iguana bites you but does no damage.
You barely miss the iguana. The iguana misses you.
You hit the iguana but do no damage.
Your tail-slap misses the iguana.
The iguana closely misses you.
You closely miss the iguana. The iguana bites you. 😕 HP[-5]
You take 5 damage, and now have 51/56 hp.
You are too injured to fight recklessly!
You are too injured to fight recklessly!
You are too injured to fight recklessly!
You are too injured to fight recklessly!
You are too injured to fight recklessly!
You are too injured to fight recklessly!
You are too injured to fight recklessly!
You are too injured to fight recklessly!
Unknown command.
You barely miss the iguana. The iguana bites you. 😕 HP[-1]
You take 1 damage, and now have 50/56 hp.
You barely miss the iguana. Your punch misses the iguana.
The iguana bites you. 😕 HP[-2]
You take 2 damage, and now have 48/56 hp.
You hit the iguana.
Your weapon exudes an aura of protection.
You kill the iguana!
Found an escape hatch in the ceiling.
Found a stone staircase leading up.
o - a puce potion 😎 HP[+8]
Your hp is fully restored (56).
An ogre comes into view. It is wielding a +0 giant spiked club.
An ogre is nearby!
You hit the ogre but do no damage.
Your weapon exudes an aura of protection.
The ogre hits you with a +0 giant spiked club! 😮 HP[-15]
You take 15 damage, and now have 41/56 hp.
MASSIVE DAMAGE!! (PAUSE) Unknown command.
You aren't carrying any items that you can evoke.
Okay, then.
You barely miss the ogre.
The ogre hits you with a +0 giant spiked club!
You emit a cloud of foul miasma! 😮 HP[-12]
You take 12 damage, and now have 29/56 hp.
MASSIVE DAMAGE!! (PAUSE) Unknown command.
You barely miss the ogre.
The ogre is engulfed in dark miasma.
The ogre is poisoned.
The ogre barely misses you.
You hit the ogre but do no damage.
Your weapon exudes an aura of protection.
You barely miss the ogre. You tail-slap the ogre.
The ogre is engulfed in dark miasma.
The ogre looks even sicker.
The ogre hits you with a +0 giant spiked club!!
* * * LOW HITPOINT WARNING * * *
😱 HP[-20]
You take 20 damage, and now have 9/56 hp.
MASSIVE DAMAGE!! (PAUSE) Unknown command.
Unknown command.
Unknown command.
You completely miss the ogre.
The ogre is engulfed in dark miasma.
The ogre looks even sicker.
The ogre hits you with a +0 giant spiked club!!
You die...

Skill      XL: |  1  2  3  4  5  6  7 |
---------------+----------------------+-----
Throwing       | 5 6 |  6.0
Fighting       | 2 3 4 5 |  5.2
Stealth        | 2 3 4 5 |  5.1
Crossbows      | |  1.7
Evocations     | |  1.0

Action                   |  1- 3 |  4- 6 |  7- 9 || total
-------------------------+-------+-------+-------++-------
Melee: Dagger            |   129 |    45 |       ||   174
       Punch             |     3 |     3 |     2 ||     8
       Tailslap          |       |    28 |     5 ||    33
       Short sword       |       |   127 |    73 ||   200
Throw: Stone             |     2 |    14 |       ||    16
       Dart              |     2 |    10 |       ||    12
       Throwing net      |       |     2 |       ||     2
  Use: Potion            |     5 |     3 |       ||     8
       Scroll            |     3 |     2 |     3 ||     8
 Stab: Sleeping          |     5 |       |     6 ||    11
       Invisible         |     1 |       |       ||     1
       Held in net/web   |       |     2 |       ||     2
Armor: Leather armour    |    39 |   117 |    20 ||   176
Dodge: Dodged            |    86 |   122 |    32 ||   240

Levels and vault maps discovered:
D:1:      evilmike_arrival_crescent, layout_loops_ring
D:2:      layout_basic, serial_shops, nicolae_shop_advertising_works
          [nicolae_subvault_shop_adworks],
          hellmonk_ecumenical_altar_watching_god, uniq_sigmund
D:3:      layout_rooms, uniq_jessica, uniq_robin
D:4:      layout_rooms, minmay_surrounded, uniq_blork_the_orc
D:5:      layout_rooms, hangedman_decor_growths, sword_in_stone, uniq_ijyb

Notes
Turn   | Place    | Note
-------+----------+-------------------------------------------
     0 | D:1      | spaghetti the Demonspawn Wanderer began the quest for the
                  | Orb.
     0 | D:1      | spaghetti set off with the following items: a +3 dagger
                  | {short}, a curare-tipped dart {=fthrowing}, a +0 hand
                  | crossbow {crossbow}, a potion of invisibility, a +0 leather
                  | armour
     0 | D:1      | Reached XP level 1. HP: 15/15 MP: 1/1
     0 | D:1      | magus.rc [v1.9.6]
   295 | D:1      | Gained mutation: You may rarely emit foul miasma when
                  | damaged in melee. [demonic ancestry]
   295 | D:1      | Reached XP level 2. HP: 21/21 MP: 2/2
   316 | D:1      | Reached skill level 5 in Throwing
  1143 | D:2      | Noticed Sigmund
  1155 | D:2      | HP: 3/21 [Sigmund/magic dart (7)]
  1437 | D:2      | Noticed a shining eye
  1443 | D:2      | Noticed a shining eye
  1447 | D:2      | Found a faded altar of an unknown god.
  1448 | D:2      | Noticed an eye of devastation
  1448 | D:2      | Noticed a shining eye
  1454 | D:2      | Gained mutation: You are partially covered in slimy green
                  | scales. (AC +2) [demonic ancestry]
  1454 | D:2      | Reached XP level 3. HP: 24/26 MP: 3/3
  2092 | D:2      | HP: 5/26 [gnoll/+0 flail (2)]
  2095 | D:2      | Gained mutation: You have a small tail. [demonic ancestry]
  2095 | D:2      | Reached XP level 4. HP: 6/32 MP: 4/4
  2411 | D:2      | Found Oduly's General Store.
  2424 | D:2      | Killed Sigmund
  2425 | D:2      | Reached skill level 6 in Throwing
  2425 | D:2      | Reached skill level 2 in Fighting
  2425 | D:2      | Reached skill level 2 in Stealth
  2425 | D:2      | Reached XP level 5. HP: 27/40 MP: 5/5
  2437 | D:2      | HP: 4/40 [gnoll/+0 whip (8)]
  2450 | D:2      | HP: 5/40 [kobold/+0 dagger (1)]
  2829 | D:3      | Reached skill level 3 in Fighting
  2832 | D:3      | Reached skill level 3 in Stealth
  2878 | D:3      | Noticed Jessica
  2897 | D:3      | HP: 6/41 [Jessica/+0 dagger of holy wrath (6)]
  2899 | D:3      | Killed Jessica
  2900 | D:3      | Reached XP level 6. HP: 7/47 MP: 6/6
  3496 | D:3      | You pick up a book of Callings and begin reading...
  3496 | D:3      | You add the spells Summon Small Mammal, Call Canine
                  | Familiar and Summon Guardian Golem to your library.
  3583 | D:3      | Noticed Robin
  3596 | D:3      | HP: 11/47 [orc/+0 club (4)]
  3618 | D:2      | HP: 9/47 [gnoll/+0 flail (4)]
  3624 | D:2      | HP: 7/47 [quokka (2)]
  3990 | D:2      | You pick up a book of Debilitation and begin reading...
  3990 | D:2      | You add the spells Slow, Vampiric Draining and Confusing
                  | Touch to your library.
  4318 | D:3      | Killed Robin
  4322 | D:3      | HP: 11/47 [orc/+0 club (3)]
  4330 | D:3      | HP: 10/48 [orc/+0 dagger (2)]
  4673 | D:4      | Reached skill level 4 in Fighting
  4673 | D:4      | Reached skill level 4 in Stealth
  5011 | D:4      | HP: 12/48 [centaur (2)]
  5017 | D:4      | Gained mutation: You are mostly covered in slimy green
                  | scales. (AC +3) [demonic ancestry]
  5017 | D:4      | Reached XP level 7. HP: 9/55 MP: 7/7
  5294 | D:4      | Noticed Blork the orc
  5314 | D:4      | Killed Blork the orc
  5495 | D:4      | Reached skill level 5 in Fighting
  5495 | D:4      | Reached skill level 5 in Stealth
  5833 | D:5      | Entered Level 5 of the Dungeon
  5917 | D:5      | HP: 9/56 [ogre/+0 giant spiked club (21)]
  5918 | D:5      | Mangled by an ogre

Vanquished Creatures
  Sigmund (D:2)
  A centaur (D:4)
  A phantom (D:4)
  Blork the orc (D:4)
  An orc priest (D:3)
  A hound (D:4)
  Jessica (D:3)
  2 iguanas
  2 orc wizards (D:4)
  Robin (D:3)
  6 gnolls (D:2)
  2 adders
  10 orcs
  5 bats
  9 endoplasms
  7 giant cockroaches
  18 goblins
  8 hobgoblins
  7 quokkas
  9 ball pythons
  2 frilled lizards
  11 kobolds
  5 rats
111 creatures vanquished.

Table legend:
 A = Non-vault XP
 B = Vault XP
 C = Vault XP percentage of total XP
 D = Non-vault monster count
 E = Vault monster count
 F = Vault count percentage of total count
                 A         B        C        D         E       F
            +---------+---------+-------+---------+---------+-------
      Total |     592 |     536 |  47.5 |      92 |      19 |  17.1
            +---------+---------+-------+---------+---------+-------
        D:1 |      38 |       0 |   0.0 |      22 |       0 |   0.0
        D:2 |     129 |     239 |  64.9 |      26 |       1 |   3.7
        D:3 |     111 |      75 |  40.3 |      27 |      14 |  34.1
        D:4 |     279 |     222 |  44.3 |      16 |       4 |  20.0
        D:5 |      35 |       0 |   0.0 |       1 |       0 |   0.0
            +---------+---------+-------+---------+---------+-------

Illustrated notes

Table legend:
 A = Kills in this place as a percentage of kills in entire the game.
 B = Kills by you in this place as a percentage of kills by you in the entire game.
 C = Kills by friends in this place as a percentage of kills by friends in the entire game.
 D = Other kills in this place as a percentage of other kills in the entire game.
 E = Experience gained in this place as a percentage of experience gained in the entire game.
 F = Experience gained in this place divided by the number of levels of this place that you have seen.
                   A       B       C       D       E      F
               +-------+-------+-------+-------+-------+----------------------
         Total | 100.0 | 100.0 |   N/A |   N/A | 100.0 | 225.6
       Dungeon | 100.0 | 100.0 |   N/A |   N/A | 100.0 | 225.6
               +-------+-------+-------+-------+-------+----------------------

Table legend: (Time is in decaauts)
 A = Elapsed time spent in this place.
 B = Non-inter-level travel time spent in this place.
 C = Inter-level travel time spent in this place.
 D = Time resting spent in this place.
 E = Time spent auto-exploring this place.
 F = Levels seen in this place.
 G = Mean time per level.
                   A        B        C        D        E       F      G
               +--------+--------+--------+--------+--------+-----+--------+
         Total |   5938 |   5844 |     94 |   1339 |   3547 |   5 | 1187.6 |
       Dungeon |   5938 |   5844 |     94 |   1339 |   3547 |   5 | 1187.6 |
               +--------+--------+--------+--------+--------+-----+--------+

Top non-repeatable levels by time:
     D:2: 1739 daAuts
     D:3: 1562 daAuts
     D:1: 1322 daAuts
     D:4: 1226 daAuts
     D:5: 86 daAuts
